 Dungeon Crawl Stone Soup version 0.32-a0-975-g85d4e5bfdb (webtiles) character file.

Game seed: 12689842905024419765

1231 LadyBoffin the Shield-Bearer (level 8, 0/65 HPs)
             Began as a Formicid Fighter on Apr 19, 2024.
             Was a Believer of Qazlal.
             Succumbed to a killer bee's poison
             ... on level 6 of the Dungeon.
             The game lasted 00:29:26 (5908 turns).

LadyBoffin the Shield-Bearer (Formicid Fighter)     Turns: 5908, Time: 00:29:26

Health: 0/65       AC:  7    Str: 24    XL:     8   Next: 77%
Magic:  8/8        EV:  8    Int:  7    God:    Qazlal [**....]
Gold:   1273       SH: 10    Dex: 19    Spells: 7/7 levels left

rFire   . . .        a - +0 long sword
rCold   . . .        c - +0 buckler
rNeg    . . .        b - +0 scale mail
rPois   .            (helmet unavailable)
rElec   .            (no cloak)
rCorr   .            (no gloves)
SInv    +            (no boots)
Will    .....        (no amulet) Stlth
                     i - +6 ring of dexterity
HPRegen 0.30/turn    (no ring)
MPRegen 0.11/turn

%: no passive effects
@: lethally poisoned (0 -> -4), attractive
A: permanent stasis, dig shafts and tunnels, antennae 3, four strong arms
a: Dig, Shaft Self, Renounce Religion, Upheaval


You were on level 6 of the Dungeon.
You worshipped Qazlal.
Qazlal was pleased with you.
You visited 1 branch of the dungeon, and saw 6 of its levels.

You collected 1273 gold pieces.

Inventory:

Hand Weapons
 a - a +0 long sword (weapon)
 q - a +4 spear
Armour
 b - a +0 scale mail (worn)
 c - a +0 buckler (worn)
Jewellery
 f - a +6 ring of dexterity
 i - a +6 ring of dexterity (left hand)
Wands
 m - a wand of roots (13)
 p - a wand of flame (1)
 r - a wand of digging (3)
Scrolls
 g - a scroll of teleportation
 h - a scroll of fog
 k - 5 scrolls of revelation
Potions
 d - a potion of resistance
 e - a potion of brilliance
 j - 2 potions of might
 n - a potion of haste {unknown}
 o - a potion of enlightenment {unknown}


   Skills:
 + Level 6.3 Fighting
 + Level 5.3 Long Blades
 + Level 6.3 Armour
 + Level 7.6 Shields


You had 7 spell levels left.
You didn't know any spells.
Your spell library contained the following spells:

 Spells                   Type           Power      Damage    Failure   Level
 Call Imp                 Summ           0%         N/A       88%         2
 Sublimation of Blood     Necr           0%         N/A       88%         2
 Summon Hydra             Summ           0%         N/A       100%        7


Dungeon Overview and Level Annotations

Branches:
Dungeon (6/15)             Temple (0/1) D:6

Altars:
Cheibriados
Kikubaaqudgha
Makhleb
Qazlal
Vehumet
Wu Jian
Yredelemnul
Beogh

Shops:
D:2 *   D:3 =


Innate Abilities, Weirdness & Mutations

You cannot be hasted, slowed, berserked, paralysed or teleported.
You can dig through walls and to a lower floor.
You have a pair of large antennae on your head. (SInv)
Your four strong arms can wield two-handed weapons with a shield.


Message History

You block the killer bee's attack.
You hit the killer bee.
The killer bee is severely wounded.
The grasping roots constrict the killer bee!
You kill the killer bee!
Qazlal accepts your kill.
The grasping roots constrict the killer bee!
You kill the killer bee!
Qazlal accepts your kill.
You feel sick.
The killer bee stings you but does no damage.
You feel sick. You block the killer bee's attack. The killer bee stings you!
You block the killer bee's attack.
The killer bee stings you but does no damage.
You closely miss the killer bee.
You feel sick. The killer bee stings you. The killer bee closely misses you.
The killer bee stings you but does no damage.
You block the killer bee's attack.
You closely miss the killer bee.
You feel sick. The killer bee stings you!
* * * LOW HITPOINT WARNING * * *
The killer bee stings you.
* * * LOW HITPOINT WARNING * * *
You are more poisoned.
The killer bee poisons you!
A gnoll comes into view. It is wielding a +0 club.
The killer bee closely misses you. The killer bee stings you.
* * * LOW HITPOINT WARNING * * *
You feel sick.
The killer bee attacks as it pursues you!
The killer bee barely misses you. The killer bee stings you.
* * * LOW HITPOINT WARNING * * *
You block the killer bee's attack.
* * * LOW HITPOINT WARNING * * *
You feel sick.
The killer bee attacks as it pursues you!
The killer bee closely misses you. You block the killer bee's attack.
The killer bee stings you but does no damage.
It was a potion of attraction.
You feel attractive to monsters.
You die...

#. #.# #.#
##.##########
#...##......#
###...##......#
#........<.#..#
#....y@).........
#####....y....#.#.###
......†...##.......#
##.#.##......#...#..
# ......#.......#
#.g##.#.....>... #..
#...#.......# #.
#.#...#...#. ,..
#.##... .


You could see 2 killer bees and a gnoll.

Vanquished Creatures
  Sigmund (D:2)
  A human (D:4)
  An ogre (D:3)
  A centaur (D:4)
  A bullfrog (D:5)
  A scorpion (D:4)
  2 killer bees (D:6)
  A howler monkey (D:5)
  A crimson imp (D:5)
  A bombardier beetle (D:5)
  3 hounds
  An orc priest (D:4)
  A gnoll bouda (D:4)
  Jessica (D:2)
  A human skeleton (D:4)
  An iguana (D:5)
  4 orc wizards
  9 gnolls
  10 adders
  2 white imps (D:5)
  2 ribbon worms (D:4)
  4 dart slugs
  9 orcs
  7 ball pythons
  5 bats
  10 endoplasms
  2 giant cockroaches
  3 goblins
  4 hobgoblins
  8 kobolds
  5 quokkas
  3 frilled lizards
  A goblin skeleton (D:4)
  3 rats
110 creatures vanquished.

Vanquished Creatures (others)
  An orc priest (D:4)
  An orc wizard (D:4)
  2 orcs (D:4)
4 creatures vanquished.

Grand Total: 114 creatures vanquished

Notes
Turn   | Place    | Note
-------+----------+-------------------------------------------
     0 | D:1      | LadyBoffin the Formicid Fighter began the quest for the
                  | Orb.
     0 | D:1      | Reached XP level 1. HP: 18/18 MP: 1/1
   282 | D:1      | Reached XP level 2. HP: 13/24 MP: 2/2
   696 | D:1      | Found a faded altar of an unknown god.
   735 | D:1      | Prayed at the altar of an unknown god.
   735 | D:1      | Became a worshipper of Qazlal Stormbringer
   735 | D:1      | Reached * piety under Qazlal
  1119 | D:2      | Reached XP level 3. HP: 29/29 MP: 3/3
  1162 | D:2      | Reached XP level 4. HP: 26/37 MP: 4/4
  1337 | D:2      | Noticed Sigmund
  1352 | D:2      | Killed Sigmund
  1353 | D:2      | Reached skill level 5 in Shields
  1353 | D:2      | Reached XP level 5. HP: 22/43 MP: 5/5
  1353 | D:2      | Reached XP level 6. HP: 26/49 MP: 6/6
  1614 | D:2      | Found Eneqiquu's General Store.
  1624 | D:2      | Noticed Jessica
  1636 | D:2      | Killed Jessica
  1636 | D:2      | Reached ** piety under Qazlal
  1996 | D:3      | Identified a scroll of acquirement
  1996 | D:3      | Acquired 966 gold pieces
  2118 | D:3      | Found Wudifuf's Jewellery Emporium.
  2966 | D:4      | Found a stormy altar of Qazlal.
  2966 | D:4      | Found an ancient bone altar of Kikubaaqudgha.
  2979 | D:4      | Reached XP level 7. HP: 49/55 MP: 0/7
  3322 | D:3      | Reached skill level 5 in Fighting
  3322 | D:3      | Reached skill level 5 in Armour
  3322 | D:3      | Reached skill level 6 in Shields
  3762 | D:4      | Found Zicheqes's Antique Armour Shop.
  4162 | D:4      | Found a runed translucent door.
  4162 | D:4      | Noticed a human
  4177 | D:4      | Found a basalt altar of Yredelemnul.
  4218 | D:4      | Found a roughly hewn altar of Beogh.
  4638 | D:4      | Found an ornate altar of the Wu Jian Council.
  4881 | D:4      | Killed a human
  4989 | D:5      | Entered Level 5 of the Dungeon
  5005 | D:4      | Reached XP level 8. HP: 45/63 MP: 8/8
  5238 | D:5      | Reached skill level 7 in Shields
  5357 | D:5      | Found a burning altar of Makhleb.
  5358 | D:5      | Found a radiant altar of Vehumet.
  5610 | D:5      | Reached skill level 5 in Long Blades
  5615 | D:5      | Found a snail-covered altar of Cheibriados.
  5887 | D:6      | Found a staircase to the Ecumenical Temple.
  5906 | D:6      | HP: 3/65 [killer bee (5)]
  5908 | D:6      | Succumbed to a killer bee's poison

Illustrated notes

Levels and vault maps discovered:
D:1:      dpeg_arrival_long_road, layout_loops_corners,
          hellmonk_ecumenical_altar_run_dry, serial_bayou_pond_e
D:2:      layout_basic, serial_shops, shop, uniq_jessica, uniq_sigmund
D:3:      layout_loops_cross, serial_shops, nicolae_shop_gibbet_a_chance
D:4:      layout_loops_ring, dk_yredelemnul_ordeal,
          nicolae_wu_jian_immortal_techniques, grunt_temple_overflow_open,
          cheibrodos_sewer_entry_bend, serial_shops,
          nicolae_shop_temple_entry_statues_fountains, kennysheep_orc_chapel
D:5:      layout_rooms, grunt_temple_overflow_lords_of_destruction,
          cheibriados_altar_1
D:6:      cheibrodos_fertilizer, layout_loops_cross,
          grunt_dithmenos_smoke_and_mirrors, xom_redecorated,
          minmay_temple_entry_sparse_star, uniq_menkaure, uniq_jeremiah

Skill      XL: |  1  2  3  4  5  6  7  8 |
---------------+-------------------------+-----
Fighting       | 4 5 6 |  6.3
Long Blades    | 3 4 5 |  5.3
Armour         | 4 5 6 |  6.3
Shields        | 5 6 7 |  7.6

Action                     |  1- 3 |  4- 6 |  7- 9 || total
---------------------------+-------+-------+-------++-------
  Melee: Long sword        |    79 |   135 |   270 ||   484
 Invoke: Upheaval          |       |     2 |     2 ||     4
  Evoke: Wand              |       |       |     6 ||     6
    Use: Potion            |       |     1 |     2 ||     3
         Scroll            |       |     8 |     4 ||    12
 Armour: Scale mail        |    63 |    84 |   208 ||   355
  Dodge: Dodged            |    31 |    48 |    98 ||   177
  Block: Buckler           |    20 |    55 |   121 ||   196

Table legend: (Time is in decaauts)
 A = Elapsed time spent in this place.
 B = Non-inter-level travel time spent in this place.
 C = Inter-level travel time spent in this place.
 D = Time resting spent in this place.
 E = Time spent auto-exploring this place.
 F = Levels seen in this place.
 G = Mean time per level.
                   A        B        C        D        E       F      G
               +--------+--------+--------+--------+--------+-----+--------+
         Total |   6023 |   5753 |    270 |   1761 |   1774 |   6 | 1003.8 |
       Dungeon |   6023 |   5753 |    270 |   1761 |   1774 |   6 | 1003.8 |
               +--------+--------+--------+--------+--------+-----+--------+

Top non-repeatable levels by time:
     D:4: 1748 daAuts
     D:3: 1396 daAuts
     D:1: 1034 daAuts
     D:2: 995 daAuts
     D:5: 827 daAuts
     D:6: 21 daAuts
